 Dungeon Crawl Stone Soup version 0.31-a0-986-g5e6e4ef867 (webtiles) character file.

Game seed: 13183450016908555521

241 porpoise the Poker (level 6, -4/66 HPs)
             Began as an Ogre Gladiator on Nov 9, 2023.
             Slain by a sky beast (5 damage)
             ... on level 4 of the Dungeon.
             The game lasted 00:04:56 (1438 turns).

porpoise the Poker (Ogre Gladiator)                 Turns: 1438, Time: 00:04:56

Health: -4/66      AC:  3    Str: 21    XL:     6   Next: 8%
Magic:  6/6        EV:  8    Int:  9    God:
Gold:   131        SH:  6    Dex: 10    Spells: 5/5 levels left

rFire   . . .        a - +1 trident
rCold   . . .        l - +0 kite shield
rNeg    . . .        b - +0 robe
rPois   .            c - +0 hat
rElec   .            (no cloak)
rCorr   .            (gloves unavailable)
SInv    .            (boots unavailable)
Will    .....        (no amulet)
Stlth   +            (no ring)
HPRegen 0.31/turn    (no ring)
MPRegen 0.10/turn

%: no passive effects
@: no status effects
A: large, unfitting armour, tough skin 1
a: no special abilities


You were on level 4 of the Dungeon.
You visited 1 branch of the dungeon, and saw 3 of its levels.

You collected 131 gold pieces.

Inventory:

Hand Weapons
 a - a +1 trident (weapon)
Missiles
 d - 2 throwing nets (quivered)
 e - a large rock
Armour
 b - a +0 robe (worn)
 c - a +0 hat (worn)
 l - a +0 kite shield (worn)
Scrolls
 g - a scroll of immolation {unknown}
 h - a scroll of blinking {unknown}
 j - a scroll of vulnerability {unknown}
 k - a scroll of enchant weapon
Potions
 f - a potion of invisibility {unknown}
 i - 2 potions of attraction {unknown}
 m - 2 potions of heal wounds {unknown}


   Skills:
 + Level 5.1 Fighting
 * Level 5.6 Polearms
 - Level 2.0 Throwing
 - Level 2.6 Dodging


You had 5 spell levels left.
You didn't know any spells.
Your spell library contained the following spells:

 Spells                   Type           Power      Damage    Failure   Level
 Freeze                   Ice            0%         1d3       73%         1
 Frozen Ramparts          Ice            0%         1d1       97%         3
 Hailstorm                Conj/Ice       0%         3d3       97%         3
 Stone Arrow              Conj/Erth      0%         3d7       97%         3
 Animate Armour           Summ/Erth      0%         N/A       100%        4
 Lehudib's Crystal Spear  Conj/Erth      0%         10d2      100%        8


Dungeon Overview and Level Annotations

Branches:
Dungeon (2/15)

Altars:


Innate Abilities, Weirdness & Mutations

You are too large for most types of armour.
You have tough skin. (AC +1)


Message History

The sky beast is moderately wounded.
You hear a shout!
The sky beast barely misses you.
You hear an angry hiss.
You hear a shout!
You closely miss the sky beast.
The sky beast is moderately wounded.
The sky beast hits you but does no damage.
You barely miss the sky beast.
The sky beast is moderately wounded.
The sky beast hits you but does no damage.
You barely miss the sky beast.
The sky beast is moderately wounded.
The sky beast hits you. The sky beast shocks you.
A hobgoblin comes into view.
You hit the sky beast but do no damage.
The sky beast is moderately wounded.
The sky beast hits you but does no damage.
You barely miss the sky beast.
The sky beast is moderately wounded.
The sky beast flickers out of sight!
Deactivating autopickup; reactivate with Ctrl-A.
Something hits you. Something shocks you.
You closely miss something. You block something's attack.
You closely miss something. Something hits you. Something shocks you.
Something hits you. Something shocks you.
You closely miss something. Something hits you but does no damage.
You hit something. Something hits you. Something shocks you.
* * * LOW HITPOINT WARNING * * *
You puncture something! Something hits you.
* * * LOW HITPOINT WARNING * * *
Something shocks you.
* * * LOW HITPOINT WARNING * * *
You miss something. Something hits you.
* * * LOW HITPOINT WARNING * * *
Something shocks you.
* * * LOW HITPOINT WARNING * * *
You miss something. Something hits you.
* * * LOW HITPOINT WARNING * * *
Something shocks you.
You die...

#.# #......... .#
##.####...####.####.#
.#..................#
..####....###
#....###### ..#
#....# #........# ..#
#.#### #g##.###.# ..#
#. ########o##..# ..#
#. #.....##{###....#
..### #.###.##@#
###..# ....... #.#
#.##.# {...
.#.######.# #.##.#
.#.#
.#........###....# ..
.. #######......#####
.. .
................. ...
#######......#### ##
######## .#


You could see an orc and a hobgoblin.

Vanquished Creatures
  Grinder (D:4)
  An adder (D:4)
  A dart slug (D:1)
  6 bats (D:1)
  6 endoplasms
  A giant cockroach (D:1)
  2 hobgoblins (D:1)
  A quokka (D:2)
  2 ball pythons (D:1)
  4 frilled lizards (D:1)
  5 goblins (D:1)
  3 kobolds
  2 rats (D:1)
35 creatures vanquished.

Notes
Turn   | Place    | Note
-------+----------+-------------------------------------------
     0 | D:1      | porpoise the Ogre Gladiator began the quest for the Orb.
     0 | D:1      | Reached XP level 1. HP: 22/22 MP: 1/1
   104 | D:1      | Reached XP level 2. HP: 31/31 MP: 2/2
   394 | D:1      | Reached XP level 3. HP: 37/37 MP: 3/3
   995 | D:2      | You fall into a shaft and drop 2 floors!
  1062 | D:4      | Noticed Grinder
  1068 | D:4      | Paralysed by Grinder for 2 turns
  1078 | D:4      | Paralysed by Grinder for 3 turns
  1094 | D:4      | Killed Grinder
  1095 | D:4      | Reached skill level 5 in Fighting
  1095 | D:4      | Reached skill level 5 in Polearms
  1095 | D:4      | Reached XP level 4. HP: 13/50 MP: 4/4
  1095 | D:4      | Reached XP level 5. HP: 15/57 MP: 5/5
  1095 | D:4      | Reached XP level 6. HP: 18/66 MP: 6/6
  1411 | D:4      | Noticed a sky beast
  1438 | D:4      | HP: 1/66 [something (4)]
  1438 | D:4      | Slain by a sky beast

Illustrated notes

Levels and vault maps discovered:
D:1:      lightli_arrival_statuegarden, layout_basic, minmay_box_of_dots
D:2:      layout_basic, serial_forest, infiniplex_forest_lined_1,
          infiniplex_forest_straight_3, infiniplex_forest_clump_diagonal,
          infiniplex_forest_clump_curved, infiniplex_forest_lined_1
D:4:      layout_basic, uniq_grinder

Skill      XL: |  1  2  3 |
---------------+----------+-----
Fighting       | 3 5 |  5.1
Polearms       | 5 |  5.6
Throwing       | |  2.0
Dodging        | |  2.6

Action                     |  1- 3 |  4- 6 || total
---------------------------+-------+-------++-------
  Melee: Trident           |   100 |    21 ||   121
  Throw: Throwing net      |     3 |       ||     3
         Large rock        |     1 |       ||     1
    Use: Scroll            |     1 |       ||     1
   Stab: Sleeping          |     1 |       ||     1
 Armour: Robe              |    56 |    17 ||    73
  Dodge: Dodged            |    55 |     1 ||    56
  Block: Kite shield       |     3 |     6 ||     9

Table legend: (Time is in decaauts)
 A = Elapsed time spent in this place.
 B = Non-inter-level travel time spent in this place.
 C = Inter-level travel time spent in this place.
 D = Time resting spent in this place.
 E = Time spent auto-exploring this place.
 F = Levels seen in this place.
 G = Mean time per level.
                   A        B        C        D        E       F      G
               +--------+--------+--------+--------+--------+-----+--------+
         Total |   1458 |   1454 |      4 |    329 |    769 |   3 |  486.0 |
       Dungeon |   1458 |   1454 |      4 |    329 |    769 |   3 |  486.0 |
               +--------+--------+--------+--------+--------+-----+--------+

Top non-repeatable levels by time:
     D:1: 890 daAuts
     D:4: 451 daAuts
     D:2: 116 daAuts
